 Dungeon Crawl Stone Soup version 0.28-a0-48-gfd831c5874 (webtiles) character file.

Game seed: 4442511418862096692

4081 flotson the Skirmisher (level 10, -3/115 HPs)
             Began as a Demonspawn Delver on July 29, 2021.
             Was an Initiate of Gozag.
             Killed from afar by a fire dragon (10 damage)
             ... with a blast of flame
             ... on level 8 of the Dungeon.
             The game lasted 00:17:00 (8617 turns).

flotson the Skirmisher (Demonspawn Delver)          Turns: 8617, Time: 00:17:02

Health: -3/115     AC: 32    Str: 20 (21) XL:     10   Next: 5%
Magic:  0/10       EV:  2    Int: 10 (13) God:    Gozag
Gold:   491        SH:  9    Dex: 12 (14) Spells: 9/9 levels left

rFire   . . .      SeeInvis .   a - +2 trident (protect)
rCold   . . .      Faith    .   D - +0 kite shield
rNeg    + + +      Spirit   +   (armour currently unavailable)
rPois   +          Reflect  .   (helmet currently unavailable)
rElec   .          Harm     .   (cloak currently unavailable)
rCorr   .          Rampage  .   (gloves currently unavailable)
Will    .....      NoTele   +   (boots currently unavailable)
Stlth   +++.......              B - amulet of guardian spirit
HPRegen 0.29/turn               h - +6 ring of strength
MPRegen 0.12/turn               m - ring of flight

@: tree-form, under a protective aura, hasted, very quick
A: stationary, stasis, torment immunity, boosted hp, (hooves 2), (horns 1),
demonic guardian 1, ignite blood 1, (poison resistance), (sturdy frame 1)
a: Renounce Religion, Potion Petition, Call Merchant, Bribe Branch


You were on level 8 of the Dungeon.
You worshipped Gozag.
Gozag was aware of your devotion.
You were a tree.
You visited 2 branches of the dungeon, and saw 9 of its levels.

You collected 649 gold pieces.
You paid 158 gold pieces to Gozag.

Inventory:

Hand Weapons
 a - a +2 trident of protection (weapon)
 b - a +0 whip of venom
 F - a +0 broad axe
Missiles
 k - 8 javelins (quivered)
 l - 2 silver javelins
 v - 27 poisoned darts
 y - a throwing net
Armour
 w - the +1 scale mail "Plog" (melded) {rC+ rN+ SInv}
   (You found it on level 7 of the Dungeon)

   rC:        It protects you from cold.
   rN:        It protects you from negative energy.
   SInv:      It lets you see invisible.
 C - a +2 cloak (melded)
 D - a +0 kite shield (worn)
Jewellery
 h - a +6 ring of strength (left branch)
 i - a ring of fire
 m - a ring of flight (right branch)
 x - a ring of ice
 B - an amulet of guardian spirit (around neck)
Wands
 g - a wand of digging (3)
 p - a wand of iceblast (5)
 z - a wand of flame (12)
Scrolls
 c - a scroll of fog
 d - 2 scrolls of magic mapping
 e - a scroll of enchant armour {unknown}
 f - 3 scrolls of enchant weapon {unknown}
 j - a scroll of brand weapon {unknown}
 n - 2 scrolls of vulnerability {unknown}
 o - 3 scrolls of teleportation {unknown}
 s - 2 scrolls of noise {unknown}
 t - 2 scrolls of torment {unknown}
 u - 10 scrolls of identify {unknown}
 A - a scroll of blinking {unknown}
Potions
 q - a potion of haste
 r - a potion of lignification
 E - a potion of mutation


   Skills:
 + Level 6.6 Fighting
 + Level 5.6 Axes
 + Level 5.2 Throwing
 + Level 5.2 Armour
 + Level 5.7 Dodging
 - Level 4.5 Stealth
 + Level 2.5 Shields
 + Level 5.0 Evocations


You had 9 spell levels left.
You didn't know any spells.
Your spell library contained the following spells:

 Spells                   Type           Power      Damage    Failure   Level
 Corpse Rot               Necr/Air       N/A        N/A       96%         2
 Poisonous Vapours        Pois/Air       0%         N/A       96%         2
 Freezing Cloud           Conj/Ice/Air   0%         6-21      100%        5
 Borgnjor's Revivificati  Necr           0%         N/A       100%        8
 Necromutation            Tmut/Necr      0%         N/A       100%        8
 Death's Door             Necr           0%         N/A       100%        9


Dungeon Overview and Level Annotations

Branches:
Dungeon (8/15)             Temple (1/1) D:7            Lair (0/6) D:8

Altars:
Ashenzari
Cheibriados
Dithmenos
Elyvilon
Gozag
Hepliaklqana
Makhleb
Nemelex Xobeh
Okawaru
Qazlal
Ru
Sif Muna
Trog
Uskayaw
Wu Jian
Xom
Yredelemnul
Zin

Annotations:
D:7 1 runed translucent door, CowFu's ghost, novice GrFi


Innate Abilities, Weirdness & Mutations

You are a tree.
Your roots penetrate the ground, keeping you stationary.
You cannot be teleported.
You are immune to unholy pain and torment.
Your maximum health is greatly increased.
Your equipment is partially melded.
((You have hoof-like feet.))
((You have a pair of small horns on your head.))
A weak demonic guardian rushes to your aid.
Your demonic aura sometimes causes spilled blood to erupt in flames.
((Your system is resistant to poisons. (rPois)))
((Your movements are slightly less encumbered by armour. (ER -2)))


Message History

Unknown command.
Unknown command.
Your +2 trident of protection goes still.
Your +0 whip of venom begins to drip with poison!
b - a +0 whip of venom (weapon)
The fire dragon bites you but does no damage.
The fire dragon claws you but does no damage.
The fire dragon tramples you.
* * * LOW HITPOINT WARNING * * *
You barely miss the fire dragon.
The fire dragon is severely wounded.
You block the fire dragon's attack. x2
The fire dragon tramples you but does no damage.
You hit the fire dragon but do no damage.
The fire dragon is poisoned.
The fire dragon is severely wounded.
The fire dragon bites you but does no damage.
The fire dragon claws you but does no damage.
The fire dragon tramples you but does no damage.
Your +0 whip of venom stops dripping with poison.
Your +2 trident of protection hums with potential!
a - a +2 trident of protection (weapon)
Your iron imp barely misses the fire dragon.
You hit the fire dragon.
Your weapon exudes an aura of protection.
The fire dragon is severely wounded.
The fire dragon bites you but does no damage.
You block the fire dragon's attack. The fire dragon tramples you.
* * * LOW HITPOINT WARNING * * *
You hit the fire dragon but do no damage.
The fire dragon is severely wounded.
Your iron imp hits the fire dragon.
You block the fire dragon's attack. x2
The fire dragon barely misses you.
You hit the fire dragon.
The fire dragon is almost dead.
Your iron imp hits the fire dragon but does no damage.
The fire dragon breathes flames at you. The blast of flame hits you!
You die...
Your body crumbles into a pile of gold.

###........# .##........#
###### <..........# ......
##)........# ..≈≈≈.
###........# #.≈.≈≈§ #
#........#### ..≈≈.≈≈§≈..#
###...........# .§§§≈>≈§≈..#
##..#..#......#####..§§§§§§§..#
##.###.#...##...♣D....≈§§≈§≈..#
##.# #.#.#.###..5###...≈≈§≈...#
#.[# #.#.#.##..+..## .....§...#
#.## #...#.#..#+#..## ####....#
.. #..##...##.##..#######.# .#
##.....##.⌠.##....##...## .####
#>...##[....##.........##
.....##...##...'...##..>......#
..........#...#'#...#.........#


You could see a fire dragon (poisoned, catching breath, ally target) and a
friendly iron imp (summoned).

Vanquished Creatures
  A wyvern (D:8)
  9 yaks
  A sky beast (D:5)
  A black bear (D:7)
  2 ogres
  2 centaurs
  2 phantoms
  A kobold brigand (D:4)
  2 wyvern zombies
  A scorpion (D:6)
  8 killer bees
  3 wights (D:6)
  3 howler monkeys
  3 centaur zombies
  4 hounds
  3 jellies
  An orc priest (D:6)
  2 gnoll shamans
  Crazy Yiuf (D:6)
  2 bullfrog skeletons
  A centaur skeleton (D:6)
  An iguana (D:6)
  2 scorpion zombies
  A killer bee zombie (D:7)
  2 hound zombies (D:5)
  2 hound skeletons (D:4)
  A howler monkey skeleton (D:3)
  11 adders
  6 gnolls
  A shadow imp (D:7)
  A white imp (D:8)
  An ufetubus (D:4)
  3 worms
  A dart slug (D:3)
  6 orcs
  16 ball pythons
  2 bats
  6 endoplasms
  A giant cockroach (D:1)
  11 goblins
  4 hobgoblins
  15 jackals
  A kobold (D:3)
  3 quokkas
  5 rats
156 creatures vanquished.

Vanquished Creatures (collateral kills)
  A hornet (D:8)
  A wight (D:6)
2 creatures vanquished.

Grand Total: 158 creatures vanquished

Notes
Turn   | Place    | Note
-------+----------+-------------------------------------------
     0 | D:5      | flotson the Demonspawn Delver began the quest for the Orb.
     0 | D:5      | Reached XP level 1. HP: 18/18 MP: 1/1
    28 | D:5      | Noticed a hound
   358 | D:4      | Reached skill level 1 in Armour
   358 | D:4      | Gained mutation: A weak demonic guardian rushes to your
                  | aid. [demonic ancestry]
   358 | D:4      | Reached XP level 2. HP: 4/24 MP: 2/2
   358 | D:4      | Gained mutation: You have a pair of small horns on your
                  | head. [demonic ancestry]
   358 | D:4      | Reached XP level 3. HP: 5/29 MP: 3/3
   710 | D:3      | Found a basalt altar of Yredelemnul.
   853 | D:2      | Reached skill level 1 in Throwing
   949 | D:2      | Gained mutation: You have large cloven feet. [demonic
                  | ancestry]
   949 | D:2      | Reached XP level 4. HP: 35/35 MP: 4/4
  1366 | D:1      | Found a faded altar of an unknown god.
  1964 | D:2      | Reached XP level 5. HP: 42/42 MP: 5/5
  2896 | D:4      | Found a burning altar of Makhleb.
  2924 | D:4      | Reached skill level 4 in Fighting
  2924 | D:4      | Gained mutation: Your demonic aura sometimes causes spilled
                  | blood to erupt in flames. [demonic ancestry]
  2924 | D:4      | Reached XP level 6. HP: 43/48 MP: 6/6
  3049 | D:4      | Reached skill level 1 in Evocations
  3251 | D:4      | Reached XP level 7. HP: 38/55 MP: 7/7
  4504 | D:6      | Gained mutation: You have hoof-like feet. [demonic
                  | ancestry]
  4504 | D:6      | Reached XP level 8. HP: 44/59 MP: 8/8
  4529 | D:6      | Reached skill level 5 in Fighting
  5020 | D:6      | Reached XP level 9. HP: 30/69 MP: 9/9
  5242 | D:6      | Found a runed translucent door.
  5243 | D:6      | Noticed Crazy Yiuf
  5252 | D:6      | Killed Crazy Yiuf
  5777 | D:6      | Reached skill level 5 in Dodging
  6044 | D:7      | Gained mutation: Your system is resistant to poisons.
                  | (rPois) [potion of mutation]
  6044 | D:7      | Gained mutation: Your movements are slightly less
                  | encumbered by armour. (ER -2) [potion of mutation]
  6053 | D:7      | Reached skill level 6 in Fighting
  6053 | D:7      | Reached skill level 5 in Axes
  6056 | D:7      | Reached skill level 1 in Shields
  6726 | D:7      | Identified the +1 scale mail "Plog" {rC+ rN+ SInv}
  6835 | D:7      | Found a runed translucent door.
  6835 | D:7      | Found a shimmering altar of Xom.
  6835 | D:7      | Noticed CowFu's ghost (novice GrFi)
  6836 | D:7      | Noticed a +1 flail of chaos
  7181 | D:7      | Found a staircase to the Ecumenical Temple.
  7187 | Temple   | Entered the Ecumenical Temple
  7338 | Temple   | Became a worshipper of Gozag Ym Sagoz the Greedy
  7383 | D:8      | Noticed a gargoyle
  7715 | D:8      | Reached skill level 5 in Throwing
  7715 | D:8      | Reached skill level 5 in Armour
  7903 | D:8      | HP: 4/106 [hornet (3)]
  7905 | D:8      | Reached skill level 5 in Evocations
  7908 | D:8      | HP: 1/106 [poisoned by a hornet]
  8304 | D:8      | Reached XP level 10. HP: 69/77 MP: 8/10
  8394 | D:8      | Noticed a fire dragon
  8599 | D:8      | Found a staircase to the Lair.
  8617 | D:8      | Killed from afar by a fire dragon

Illustrated notes

Levels and vault maps discovered:
D:1:      lightli_arrival_statuegarden, layout_rooms,
          dreamdust_ecumenical_altar_hidden_monk_grotto
D:2:      layout_rooms, minmay_misc_feat_encased, minmay_parallelograms,
          minmay_snake_closets
D:3:      layout_basic, lemuel_tele_altar, minmay_misc_feat_secret_circle,
          minmay_box_of_dots
D:4:      minmay_chambers_of_fours, layout_loops_ring,
          mainiacjoe_overflow_chevrons
D:5:      layout_cave_pools
D:6:      layout_loops_ring, uniq_crazy_yiuf_cottage
D:7:      layout_loops_ring, minmay_temple_entry_fiery, ebering_ghost_xom
D:8:      minmay_chambers_of_sevens, layout_rooms, minmay_lair_entry_lava,
          nicolae_lava_and_water, grunt_decor_arrowhead,
          hellmonk_guarded_unrand_gyre_and_gimble
Temple:   eino_temple_scatter_basement

Skill      XL: |  1  2  3  4  5  6  7  8  9 |
---------------+----------------------------+-----
Axes           | 2 3 4 5 |  5.6
Armour         | 1 2 3 4 5 |  5.2
Dodging        | 2 3 4 5 |  5.7
Throwing       | 1 2 3 4 5 |  5.2
Fighting       | 4 5 6 |  6.6
Evocations     | 1 2 4 5 |  5.0
Shields        | 2 |  2.5
Stealth        | |  4.5

Action                   |  1- 3 |  4- 6 |  7- 9 | 10-12 || total
-------------------------+-------+-------+-------+-------++-------
Melee: Hand axe          |    28 |       |       |       ||    28
       Dagger            |    31 |       |       |       ||    31
       Headbutt          |     8 |    23 |    46 |     3 ||    80
       Trident           |     5 |   199 |   296 |    19 ||   519
       Kick              |       |    33 |    77 |     4 ||   114
       Whip              |       |       |       |     2 ||     2
Throw: Javelin           |       |       |     7 |     2 ||     9
Evoke: Wand              |       |       |       |     4 ||     4
  Use: Potion            |     1 |       |     8 |     2 ||    11
       Scroll            |       |       |     1 |       ||     1
 Stab: Sleeping          |     8 |    22 |     8 |       ||    38
       Distracted        |     1 |       |     2 |       ||     3
Armor: Leather armour    |    22 |    66 |    29 |       ||   117
       Scale mail        |       |       |   108 |    16 ||   124
       Skin              |       |       |    27 |     7 ||    34
Dodge: Dodged            |    87 |   100 |   189 |     6 ||   382
Block: Kite shield       |       |       |   106 |    16 ||   122

Table legend: (Time is in decaauts)
 A = Elapsed time spent in this place.
 B = Non-inter-level travel time spent in this place.
 C = Inter-level travel time spent in this place.
 D = Time resting spent in this place.
 E = Time spent auto-exploring this place.
 F = Levels seen in this place.
 G = Mean time per level.
                   A        B        C        D        E       F      G
               +--------+--------+--------+--------+--------+-----+--------+
         Total |   8741 |   8384 |    357 |    939 |   5958 |   9 |  971.2 |
       Dungeon |   8576 |   8232 |    344 |    939 |   5814 |   8 | 1072.0 |
        Temple |    164 |    151 |     13 |      0 |    144 |   1 |  164.0 |
               +--------+--------+--------+--------+--------+-----+--------+

Top non-repeatable levels by time:
     D:7: 1954 daAuts
     D:6: 1547 daAuts
     D:4: 1326 daAuts
     D:2: 1010 daAuts
     D:3: 982 daAuts
     D:5: 653 daAuts
     D:8: 555 daAuts
     D:1: 545 daAuts
  Temple: 164 daAuts
